 Dungeon Crawl Stone Soup version 0.27-a0-920-gb2bd10914a (webtiles) character file.

Game seed: 7642118002435654156

34 Lanoc the Grasshopper (level 3, 0/35 HPs)
             Began as a Troll Warper on Apr 9, 2021.
             Was a Follower of Yredelemnul.
             Slain by a black bear (3 damage)
             ... on level 2 of the Dungeon.
             The game lasted 00:01:28 (848 turns).

Lanoc the Grasshopper (Troll Warper)                 Turns: 848, Time: 00:01:28

Health: 0/35       AC:  9    Str: 19    XL:     3   Next: 14%
Magic:  12/12      EV: 10    Int:  9    God:    Yredelemnul [*.....]
Gold:   49         SH:  0    Dex: 10    Spells: 2/4 levels left

rFire    . . .     SeeInvis .   c - +1 spear (vorpal)
rCold    . . .     Faith    .   (no shield)
rNeg     . . .     Spirit   .   b - +0 robe
rPois    .         Reflect  .   (helmet restricted)
rElec    .         Harm     .   k - +0 cloak
rCorr    .         Rampage  .   (gloves unavailable)
Will     .....                  (boots unavailable)
Stlth    +.........             (no amulet)
HPRegen  1.11/turn              l - +4 ring of protection
MPRegen  0.13/turn              n - ring of magical power

@: no status effects
A: large, unfitting armour, claws 3, regeneration 1, shaggy fur 1, tough skin 1
a: Renounce Religion, Animate Remains


You were on level 2 of the Dungeon.
You worshipped Yredelemnul.
Yredelemnul was aware of your devotion.
You visited 1 branch of the dungeon, and saw 2 of its levels.

You collected 49 gold pieces.

Inventory:

Hand Weapons
 c - a +1 vorpal spear (weapon)
Missiles
 e - 5 boomerangs of dispersal (quivered)
Armour
 b - a +0 robe (worn)
 k - a +0 cloak (worn)
Jewellery
 l - a +4 ring of protection (left claw)
 n - a ring of magical power (right claw)
Scrolls
 a - a scroll of noise {unknown}
 d - a scroll of blinking
 g - a scroll of teleportation {unknown}
 h - 2 scrolls of identify {unknown}
 j - a scroll of enchant armour {unknown}
 m - a scroll of immolation {unknown}
Potions
 f - a potion of curing {unknown}
 i - a potion of heal wounds {unknown}


   Skills:
 + Level 2.0 Fighting
 - Level 1.5 Polearms
 - Level 0.8 Throwing
 + Level 2.2 Dodging
 - Level 1.2 Spellcasting
 * Level 2.7 Translocations


You had 2 spell levels left.
You knew the following spells:

 Your Spells              Type           Power      Damage    Failure   Level
h - Blink                 Tloc           N/A        N/A       17%         2

Your spell library contained the following spells:

 Spells                   Type           Power      Damage    Failure   Level
 Gell's Gravitas          Tloc           2%         N/A       34%         3
 Lesser Beckoning         Tloc           2%         N/A       34%         3
 Teleport Other           Tloc           5%         N/A       34%         3
 Manifold Assault         Tloc           5%         N/A       97%         5


Dungeon Overview and Level Annotations

Branches:
Dungeon (2/15)

Altars:
Yredelemnul


Innate Abilities, Weirdness & Mutations

You are too large for most types of armour.
You have claws for hands.
Your natural rate of healing is unusually fast.
You are covered in fur. (AC +1)
You have tough skin. (AC +1)


Message History

The black bear barely misses you.
You hit the black bear.
The black bear is severely wounded.
The black bear bites you.
The black bear claws you but does no damage.
The black bear barely misses you.
You hit the black bear.
The black bear is almost dead.
The black bear goes berserk!
You hit the black bear.
The black bear is almost dead.
The black bear bites you.
The black bear claws you but does no damage.
The black bear claws you.
You are too injured to fight recklessly!
You hit the black bear but do no damage.
The black bear is almost dead.
The black bear bites you. The black bear misses you.
The black bear closely misses you.
The black bear bites you but does no damage.
The black bear barely misses you.
The black bear claws you but does no damage.
You barely miss the black bear.
The black bear is almost dead.
The black bear bites you.
The black bear claws you but does no damage.
The black bear claws you.
* * * LOW HITPOINT WARNING * * *
You barely miss the black bear.
The black bear is almost dead.
The black bear bites you but does no damage.
The black bear claws you but does no damage. x2
The black bear bites you!
* * * LOW HITPOINT WARNING * * *
The black bear misses you. The black bear closely misses you.
You closely miss the black bear.
The black bear is almost dead.
The black bear bites you.
You die...
Your body rises from the dead as a mindless zombie.

##### ### ###...####.#
#......(...# #.
#......###.# ...
##..##[.#.#.####..##
#......[#.#.#... ..
###.....#.#.#.##.#..##
#.##........@h......
#.##......#.###....#
#......†..#........#
########.##......> # ####
#.#...#.... ####...
#.#...#..## #.....#
#.#...#..# #.#...#
######.##..#..#####.#...#
#....).....#........#...#


You could see a black bear (berserk).

Vanquished Creatures
  2 dart slugs
  2 endoplasms (D:1)
  2 giant cockroaches (D:1)
  A goblin (D:1)
  3 hobgoblins
  3 kobolds
  A quokka (D:1)
  5 ball pythons
  6 bats
  A frilled lizard (D:1)
  2 rats
28 creatures vanquished.

Notes
Turn   | Place    | Note
-------+----------+-------------------------------------------
     0 | D:1      | Lanoc the Troll Warper began the quest for the Orb.
     0 | D:1      | Reached XP level 1. HP: 19/19 MP: 1/1
   189 | D:1      | Reached XP level 2. HP: 28/28 MP: 2/2
   507 | D:1      | Found a faded altar of an unknown god.
   515 | D:1      | Became a worshipper of Yredelemnul the Dark
   515 | D:1      | Reached * piety under Yredelemnul
   688 | D:2      | Reached XP level 3. HP: 35/35 MP: 3/3
   696 | D:2      | Learned a level 2 spell: Blink
   830 | D:2      | Noticed a black bear
   848 | D:2      | Slain by a black bear

Illustrated notes

Levels and vault maps discovered:
D:1:      lightli_arrival_noodles, layout_loops_ring,
          hellmonk_ecumenical_altar_run_dry
D:2:      layout_basic, uniq_jessica

Skill      XL: |  1  2 |
---------------+-------+-----
Dodging        | 2 |  2.2
Fighting       | 2 |  2.0
Polearms       | |  1.5
Throwing       | |  0.8
Spellcasting   | |  1.2
Translocations | |  2.7

Action                   || total
-------------------------++-------
Melee: Spear             ||    76
       Unarmed           ||     6
 Stab: Sleeping          ||     1
Armor: Robe              ||    39
Dodge: Dodged            ||    34

Table legend: (Time is in decaauts)
 A = Elapsed time spent in this place.
 B = Non-inter-level travel time spent in this place.
 C = Inter-level travel time spent in this place.
 D = Time resting spent in this place.
 E = Time spent auto-exploring this place.
 F = Levels seen in this place.
 G = Mean time per level.
                   A        B        C        D        E       F      G
               +--------+--------+--------+--------+--------+-----+--------+
         Total |    849 |    829 |     20 |      0 |    650 |   2 |  424.5 |
       Dungeon |    849 |    829 |     20 |      0 |    650 |   2 |  424.5 |
               +--------+--------+--------+--------+--------+-----+--------+

Top non-repeatable levels by time:
     D:1: 679 daAuts
     D:2: 170 daAuts
